 Dungeon Crawl Stone Soup version 0.19.1 (webtiles) character file.

168 Host24 the Skirmisher (level 5, 0/36 HPs)
             Began as a Kobold Hunter on Dec 27, 2016.
             Was an Initiate of Fedhas.
             Succumbed to a scorpion's poison
             ... on level 3 of the Dungeon.
             The game lasted 00:06:47 (3527 turns).

Host24 the Skirmisher (Kobold Hunter)               Turns: 3527, Time: 00:06:48

Health: 0/36       AC:  3    Str:  9    XL:     5   Next: 77%
Magic:  5/5        EV: 15    Int: 12    God:    Fedhas [......]
Gold:   153        SH:  0    Dex: 17    Spells: 0 memorised, 4 levels left

rFire  . . .     SeeInvis .     a - +1 hand crossbow
rCold  . . .     Gourm    .     c - +0 leather armour
rNeg   . . .     Faith    .     (shield restricted)
rPois  .         Spirit   .     (no helmet)
rElec  .         Reflect  .     (no cloak)
rCorr  .         Harm     .     (no gloves)
MR     .....                    (no boots)
Stlth  ++........               (no amulet)
                                (no ring)
                                (no ring)

@: lethally poisoned (0 -> -5)
A: carnivore 3
a: Fungal Bloom, Renounce Religion


You were on level 3 of the Dungeon.
You worshipped Fedhas.
Fedhas was noncommittal.
You were very full.

You visited 1 branch of the dungeon, and saw 4 of its levels.

You collected 153 gold pieces.

Inventory:

Hand Weapons
 a - a +1 hand crossbow (weapon)
 b - a +0 short sword
Missiles
 d - 38 bolts (quivered)
 i - 144 stones
 m - 25 sling bullets
 u - 19 arrows
Armour
 c - a +0 leather armour (worn)
Jewellery
 j - an uncursed ring of stealth {unknown}
Scrolls
 e - a scroll of enchant armour {unknown}
 g - 4 scrolls of remove curse {unknown}
 k - a scroll of enchant weapon {unknown}
 l - 3 scrolls of teleportation {unknown}
 p - 5 scrolls of identify {unknown}
 r - 2 scrolls of amnesia {unknown}
Potions
 h - a potion of degeneration {unknown}
 n - 2 potions of cure mutation {unknown}
 o - a potion of berserk rage {unknown}
 q - 2 potions of heal wounds {unknown}
 s - a potion of flight {unknown}
 t - a potion of might {unknown}
Comestibles
 f - 2 meat rations


   Skills:
 + Level 5.7 Fighting
 - Level 5.0 Crossbows
 - Level 3.0 Dodging
 - Level 1.3 Stealth


You had 4 spell levels left.
You didn't know any spells.

Dungeon Overview and Level Annotations

Branches:
Dungeon (4/15)
 Temple: D:4-7

Altars:
Cheibriados
Fedhas
Gozag
Okawaru
Uskayaw
Vehumet
The Shining One


Innate Abilities, Weirdness & Mutations

You are small and have problems with some larger weapons.
You are carnivorous and can eat meat at any time.


Message History

You shoot a bolt. The bolt hits the scorpion!
The scorpion is almost dead.
You feel sick. The scorpion stings you.
* * * LOW HITPOINT WARNING * * *
Firing (i - inventory. (,) - cycle):
d - 40 bolts (quivered)
Press: ? - help, Shift-Dir - straight line, f/p - scorpion
Aim: a scorpion (almost dead)
You shoot a bolt.
The bolt hits the scorpion but does no damage.
The scorpion is almost dead.
You feel sick. The scorpion stings you!
* * * LOW HITPOINT WARNING * * *
The scorpion misses you.
Firing (i - inventory. (,) - cycle):
d - 39 bolts (quivered)
Press: ? - help, Shift-Dir - straight line, f/p - scorpion
Aim: a scorpion (almost dead)
You shoot a bolt. The bolt hits the scorpion.
The scorpion is almost dead.
You die...
Fedhas appreciates your contribution to the ecosystem.

#.##########.# #.# #...# ######.#
#.# #.# #.### .......# #.# #.#
#.# ######.# #.# #.###.## # #.#
##.#####.##.#.#### # #.#
#........#.###.... # #.##
#..#####.##.#.#### # #..# #s##
#.###.##### ## ##.# ####@#
##.......... .## #.#
##.##.#####.#.##...###
..#####.####.#.#.#....###.......#
..).).....).###..#.##..#.##...#.#
.)###.########.#.....#<.####.##.#
.....##≈§§≈§≈##.....###.## #.##.#
##.###§≈....≈≈##.#.## ##.###.##.#
...###§[.#≈..≈#...## ##..#.##.#
#....#≈.≈###.§#..#.## ##.#.#.....


You could see a scorpion.

Vanquished Creatures
  6 adders
  2 oozes
  2 worms (D:3)
  3 dart slugs
  2 leopard geckos
  5 orcs (D:3)
  3 giant cockroaches
  6 goblins
  3 hobgoblins
  17 jackals
  A quokka (D:3)
  11 bats
  3 frilled lizards (D:2)
  10 kobolds
  11 rats
85 creatures vanquished.

Vanquished Creatures (others)
  26 toadstools
26 creatures vanquished.

Grand Total: 111 creatures vanquished

Notes
Turn   | Place    | Note
-------+----------+-------------------------------------------
     0 | D:1      | Host24 the Kobold Hunter began the quest for the Orb.
     0 | D:1      | Reached XP level 1. HP: 12/12 MP: 1/1
   203 | D:1      | Reached XP level 2. HP: 17/18 MP: 2/2
   526 | D:1      | Found a glowing golden altar of the Shining One.
   542 | D:1      | Reached XP level 3. HP: 18/23 MP: 3/3
   718 | D:1      | Reached skill level 5 in Crossbows
  1425 | D:2      | Found a blossoming altar of Fedhas.
  1431 | D:2      | Found an opulent altar of Gozag.
  1437 | D:2      | Found a radiant altar of Vehumet.
  1438 | D:2      | Found an iron altar of Okawaru.
  1438 | D:2      | Found a glowing golden altar of the Shining One.
  1443 | D:2      | Found a hide-covered altar of Uskayaw.
  1486 | D:2      | Became a worshipper of Fedhas Madash
  1642 | D:2      | Reached XP level 4. HP: 28/29 MP: 4/4
  1963 | D:2      | You fall through a shaft!
  2066 | D:3      | Found a snail-covered altar of Cheibriados.
  2244 | D:2      | Reached XP level 5. HP: 24/34 MP: 5/5
  2523 | D:3      | Reached skill level 5 in Fighting
  3526 | D:3      | HP: 1/36 [scorpion (7)]
  3527 | D:3      | Succumbed to a scorpion's poison

Skill      XL: |  1  2  3  4  5 |
---------------+----------------+-----
Fighting       | 3 4 5 |  5.7
Dodging        | 3 |  3.0
Crossbows      | 5 |  5.0
Stealth        | |  1.3

Action                   |  1- 3 |  4- 6 || total
-------------------------+-------+-------++-------
Melee: Short sword       |   168 |   178 ||   346
 Fire: Hand crossbow     |       |    49 ||    49
Invok: Fungal Bloom      |       |     9 ||     9
 Stab: Sleeping          |     2 |     3 ||     5
  Eat: Chunk             |    10 |     6 ||    16
Armor: Leather armour    |    40 |    44 ||    84
Dodge: Dodged            |   170 |   212 ||   382
